cohdb
Replays
Latest Replays
All Replays
Popular Replays
Top Player Replays
Match Explorer
How It Works
Community
CoH3 Stats
Reddit
Sign in to upload your games and track your stats! →
Sign in with Steam
Match 21539493
Unlisted
Match 21539493
Overview
Messages
Build Orders
End
Panzergrenadier Squad
Selects Battlefield Espionage Battlegroup
Panzergrenadier Squad
250 Light Carrier
Panzergrenadier Squad
Construct Light Support Kompanie
MG34 Team
Selects Intel Disruption Beacon
Selects 250/3 Funkpanzerwagen
Fire Support Elements
Flakvierling Half-track
Assault Mechanized Group
Pak 38 Anti-tank Gun Team
Construct Panzerarmee Kommand
Veteran Squad Leaders
2.5-tonne Medical Truck
Selects Plunder
Selects Anti-Tank Incendiary Munitions
250/3 Funkpanzerwagen
Panzer III L Medium Tank
Panzer III L Medium Tank
Emergency Repair Kits
Tungsten Core Ammunition
Selects Operation Skorpion
Selects Firestorm
Firestorm
Panzer III L Medium Tank
Armored Reserves
Panzerpioneer Squad
Firestorm
Tiger Heavy Tank
fresherdude22
achilleus18
Be.Nice
MrAdam
Jesulin
Eber
LuiSBa
PAUG.S®
0
0
Comments
sign in to comment!
No comments posted yet!